 Dungeon Crawl Stone Soup version 0.23-a0-183-gf37f6fb (webtiles) character file.

243078 Amnesiac the Peltast (level 18, -8/145 HPs)
             Began as a Mummy Monk on Sept 21, 2018.
             Was an Initiate of Gozag.
             Killed from afar by an ice dragon (19 damage)
             ... with a blast of cold
             ... on level 15 of the Dungeon.
             The game lasted 01:45:41 (52227 turns).

Amnesiac the Peltast (Mummy Monk)                  Turns: 52227, Time: 01:45:42

Health: -8/145     AC: 22    Str: 20    XL:     18   Next: 69%
Magic:  0/24       EV: 20    Int: 13    God:    Gozag
Gold:   2090       SH: 20    Dex: 16    Spells: 15/17 levels left

rFire    + . .     SeeInvis +   a - +9 quick blade (freeze)
rCold    + . .     Gourm    .   l - +0 large shield
rNeg     + + +     Faith    .   L - +3 chain mail {rF+}
rPois    ∞         Spirit   +   I - +0 helmet {SInv}
rElec    .         Reflect  .   k - scarf {Spirit}
rCorr    .         Harm     .   H - +2 pair of gloves {archery}
MR       ++...                  t - +0 pair of boots
Stlth    ..........             (no amulet)
HPRegen  0.34/turn              w - ring of the Scarab {rF+ Int+3 SInv Stlth-}
MPRegen  0.19/turn              d - +6 ring of evasion

@: about to teleport
A: no food or potions, fire vulnerability, cold resistance 1, negative energy
resistance 3, torment resistance, unbreathing, in touch with death 1
}: 2/15 runes: decaying, gossamer
a: Potion Petition, Call Merchant, Bribe Branch, Renounce Religion


You were on level 15 of the Dungeon.
You worshipped Gozag.
Gozag was most pleased with you.
You were not hungry.

You visited 6 branches of the dungeon, and saw 32 of its levels.
You also visited: Ice Cave.

You collected 15385 gold pieces.
You spent 7548 gold pieces at shops.
You paid 5747 gold pieces to Gozag.

Inventory:

Hand Weapons
 a - a +9 quick blade of freezing (weapon)
 b - a +0 blowgun
Missiles
 c - 128 poisoned needles
 r - 15 curare-tipped needles
 z - 2 needles of frenzy
 N - 2 needles of sleeping
 U - 6 needles of confusion
Armour
 k - a scarf of spirit shield (worn)
 l - a +0 large shield (worn)
 t - a +0 pair of boots (worn)
 H - a +2 pair of gloves of archery (worn)
 I - a +0 helmet of see invisible (worn)
 L - a +3 chain mail of fire resistance (worn)
 R - a +2 cloak of cold resistance
Magical Staves
 x - an uncursed staff of conjuration
Jewellery
 d - a +6 ring of evasion (right hand)
 o - an uncursed ring of fire
 w - the ring of the Scarab (left hand) {rF+ Int+3 SInv Stlth-}
   (You found it on level 3 of the Swamp)

   [ring of attention]

   It affects your intelligence (+3).
   It protects you from fire.
   It lets you see invisible.
   It makes you less stealthy.
 G - a +3 ring of dexterity
 M - an uncursed ring of protection from magic
 P - an uncursed ring of protection from magic
 T - an uncursed ring of fire
Wands
 h - a wand of flame (89)
 i - a wand of iceblast (5)
 p - a wand of polymorph (39)
 q - a wand of scattershot (7)
 s - a wand of enslavement (34)
 y - a wand of acid (18)
 A - a wand of paralysis (29)
 E - a wand of disintegration (30)
Scrolls
 e - 6 scrolls of amnesia {!r}
 f - 9 scrolls of fear {!r}
 g - 3 scrolls of summoning {!r}
 j - 5 scrolls of teleportation {!r}
 m - 6 scrolls of magic mapping {!r}
 n - 7 scrolls of remove curse {!r}
 v - 4 scrolls of immolation {!r}
 F - 17 scrolls of identify {!r}
 J - 3 scrolls of blinking {!r}
 K - a scroll of vulnerability {!r}
 O - 5 scrolls of fog {!r}
 Q - a scroll of enchant armour {!r}
 S - 3 scrolls of enchant weapon {!r}
Miscellaneous
 u - a box of beasts
 C - a phial of floods
 D - a sack of spiders
 V - a lamp of fire


   Skills:
 + Level 13.7 Fighting
 - Level 8.0 Short Blades
 + Level 1.2 Throwing
 * Level 13.9 Armour
 * Level 14.0 Dodging
 - Level 8.0 Stealth
 - Level 15.0 Shields
 - Level 8.0 Evocations


You had 15 spell levels left.
You knew the following spells:

 Your Spells              Type           Power        Failure   Level  Hunger
v - Blink                 Tloc           N/A          100%        2    N/A

Your spell library contained the following spells:

 Spells                   Type           Power        Failure   Level  Hunger
 Flame Tongue             Conj/Fire      #....        100%        1    N/A
 Infusion                 Chrm           #...         100%        1    N/A
 Magic Dart               Conj           #...         100%        1    N/A
 Call Imp                 Summ           #.......     100%        2    N/A
 Shroud of Golubria       Chrm/Tloc      #.........   100%        2    N/A
 Slow                     Hex            #.......     100%        2    N/A
 Song of Slaying          Chrm           #.......     100%        2    N/A
 Throw Flame              Conj/Fire      #.....       100%        2    N/A
 Conjure Flame            Conj/Fire      #.......     100%        3    N/A
 Inner Flame              Hex/Fire       #.......     100%        3    N/A
 Mephitic Cloud           Conj/Pois/Air  #.......     100%        3    N/A
 Spectral Weapon          Hex/Chrm       #.......     100%        3    N/A
 Sticky Flame             Conj/Fire      #.......     100%        4    N/A
 Fireball                 Conj/Fire      #.........   100%        5    N/A
 Metabolic Englaciation   Hex/Ice        #.........   100%        5    N/A
 Bolt of Cold             Conj/Ice       #.........   100%        6    N/A
 Freezing Cloud           Conj/Ice/Air   #.........   100%        6    N/A
 Ozocubu's Refrigeration  Ice            #.........   100%        6    N/A
 Simulacrum               Ice/Necr       #.........   100%        6    N/A
 Regeneration             Chrm/Necr      Unusable     N/A         3    N/A
 Ice Form                 Ice/Tmut       Unusable     N/A         4    N/A

Dungeon Overview and Level Annotations

Branches:
Dungeon (15/15)            Temple (0/1) D:7            Lair (6/6) D:10
  Swamp (4/4) Lair:4       Spider (4/4) Lair:2        Slime (0/5) Lair:6
    Orc (2/2) D:9             Elf (0/3) Orc:2        Vaults (0/5) D:14
 Depths (1/5) D:15

Altars:
Ashenzari
Dithmenos
Elyvilon
Fedhas
Gozag
Kikubaaqudgha
Makhleb
Okawaru
Ru
Trog
Zin
The Shining One
Beogh

Shops:
D:4 %   D:7 ?([=(   D:8 (   D:12 [   Orc:2 [*(:   Swamp:2 ?   Spider:3 [([[

Annotations:
Spider:1 exclusion: obsidian statue
Spider:4 exclusion: Roxanne, Roxanne


Innate Abilities, Weirdness & Mutations

You do not eat or drink.
Your flesh is vulnerable to fire.
You are immune to poison.
Your flesh is cold resistant. (rC+)
You are immune to negative energy. (rN+++)
You are immune to unholy pain and torment.
You can survive without breathing.
You are in touch with the powers of death.


Message History

The ice dragon is heavily wounded.
You puncture the ice dragon!
The ice dragon is heavily wounded.
Your chain mail prevents you from hitting the ice dragon.
The ice dragon is heavily wounded.
You block the ice dragon's attack. x2; The ice dragon tramples you!
* * * LOW HITPOINT WARNING * * *
You stumble backwards!
You hit the ice dragon.
The ice dragon is severely wounded.
You closely miss the ice dragon.
The ice dragon is severely wounded.
You hit the ice dragon but do no damage.
The ice dragon is severely wounded.
You block the ice dragon's attack. x2
The ice dragon tramples you but does no damage.
You barely miss the ice dragon.
The ice dragon is severely wounded.
You hit the ice dragon.
The ice dragon is severely wounded.
The ice dragon is distracted by the nearby gold.
The ice dragon roars deafeningly!
You puncture the ice dragon!
The ice dragon is no longer distracted by gold.
The ice dragon is severely wounded.
The spark wasp seems to regain its courage.
The spark wasp is no longer distracted by gold.
You hit the ice dragon but do no damage.
The ice dragon is severely wounded.
You hit the ice dragon.
The ice dragon is almost dead.
The yaktaur seems to regain its courage.
The spark wasp is distracted by the nearby gold.
The ice dragon breathes frost at you. The blast of cold hits you! You resist.
* * * LOW HITPOINT WARNING * * *
The spark wasp buzzes angrily.
You hit the ice dragon but do no damage.
The ice dragon is severely wounded.
The yaktaur wields an uncursed arbalest.
The yaktaur shoots a bolt.
You block the bolt.
Really read
j - 6 scrolls of teleportation {!r}?
As you read the scroll of teleportation {!r}, it crumbles to dust.
You feel strangely unstable. You block the ice dragon's attack.
The ice dragon barely misses you. You block the ice dragon's attack.
Your shield prevents you from hitting the ice dragon.
The ice dragon is severely wounded.
You hit the ice dragon but do no damage.
The ice dragon is severely wounded.
The yaktaur is distracted by the nearby gold.
The ice dragon bites you!
* * * LOW HITPOINT WARNING * * *
You block the ice dragon's attack. x2
The ice dragon closely misses you. x2; The ice dragon tramples you.
* * * LOW HITPOINT WARNING * * *
You hold your ground!
You hit the ice dragon.
The ice dragon is almost dead.
You hit the ice dragon.
The ice dragon is almost dead.
The ice dragon breathes frost at you. The blast of cold hits you! You resist.
You die...
Your body crumbles into a pile of gold.

#..##..# #.##..## #.....# #..
#..##..# #.##...###..##.# #..
#..##..# #.##....##..##.# #..
#..##..# #.#.....P...##.# #..
#..##..# #y..[........#.# #..
#..##..# #....).8..8....# #..
#..##..# #.P8(..........# #..
###..##..###...8..88..P...# #..
.....##....c....@)).......# #..
.....##..##..8..(D>..P....#####..
###..##..###......$(.............
#..##..# #...88.8..............
#......# #P...88....8...####...
#......###..P....P..8...# #...
#.................8.8...# #...
#..........#.P....)).#..# #...
#.....###..##[...##)##..# #...


You could see an ice dragon, a spark wasp and a yaktaur.

Vanquished Creatures
  Arachne (Spider:2)
  The ghost of Xosis the Warrior, an adept FoFi of Gozag (Swamp:3)
  Kirke (D:13)
  3 thorn hunters
  A frost giant (IceCv)
  A ghost moth (Spider:4)
  An orc warlord (Orc:2)
  10 emperor scorpions
  2 entropy weavers (Spider:1)
  2 stone giants
  3 spark wasps (Spider:3)
  A fire dragon (D:15)
  Snorg (D:13)
  A great orb of eyes (Depths:1)
  The ghost of Tovarisch the Thaumaturge, a journeyman OpFE of Gozag (D:11)
  9 hydras
  3 catoblepae (Lair:6)
  5 centaur warriors
  3 ice dragons
  A ghost crab (Swamp:4)
  20 alligators
  An ogre mage (D:15)
  Erica (Lair:1)
  8 two-headed ogres
  14 death yaks
  4 orc high priests (Orc:2)
  A tengu warrior (D:15)
  A vampire mage (D:15)
  4 spriggans
  Sonja (D:13)
  2 skeletal warriors (D:15)
  The ghost of heinrich the Destroyer, a journeyman FeCj (Lair:4)
  The ghost of grindst0ne the Prestidigitator, a novice HuAr of Makhleb (D:8)
  2 spriggan druids
  A wizard (D:15)
  3 unseen horrors
  9 swamp dragons
  A spectral hydra (Swamp:3)
  2 deep elf magi
  A necromancer (D:15)
  A lindwurm (shapeshifter) (D:14)
  A fire giant zombie (D:15)
  7 ugly things
  32 wolf spiders
  4 orc knights
  A wolf spider (shapeshifter) (D:14)
  5 orc sorcerers
  24 orb spiders
  4 cyclopes
  A frost giant skeleton (D:15)
  6 elephants
  A manticore (shapeshifter) (D:14)
  4 manticores
  3 oklob plants
  3 centaur zombies
  2 moths of wrath (Spider:4)
  4 torpor snails
  17 spiny frogs
  2 black mambas
  A spiny frog (shapeshifter) (D:14)
  4 ice statues
  A spectral spriggan (Swamp:3)
  A spriggan skeleton (D:15)
  A gargoyle (D:10)
  5 rime drakes
  3 centaur skeletons
  A yaktaur (D:15)
  12 komodo dragons
  An efreet (D:14)
  4 freezing wraiths (Swamp:4)
  10 demonic crawlers
  2 kobold demonologists
  A tengu conjurer (D:15)
  3 meliai (Lair:4)
  51 jumping spiders
  15 polar bears
  7 tyrant leeches
  2 hornets (shapeshifter)
  A queen bee (Lair:4)
  8 hornets
  A troll (Orc:1)
  8 bog bodies
  12 hippogriffs
  20 slime creatures
  11 dream sheep (Lair:6)
  A deep troll zombie (D:15)
  A meliai zombie (D:13)
  3 blink frogs (Lair:6)
  Sigmund (D:2)
  4 wraiths
  5 shadows
  A vampire (D:11)
  108 redbacks
  32 tarantellas
  5 wyverns
  4 hogs (D:13)
  5 hungry ghosts
  55 yaks
  4 basilisks
  23 vampire mosquitoes
  6 swamp worm simulacra (Swamp:4)
  Edmund (D:4)
  A warg (Orc:1)
  3 insubstantial wisps (Swamp:4)
  3 spectral spiny frogs (Swamp:3)
  6 water moccasins
  5 acid dragons
  13 hydra simulacra (Swamp:4)
  3 soldier ants
  12 swamp worms
  12 porcupines
  A fire dragon simulacrum (Depths:1)
  8 ice beasts
  A sky beast (D:10)
  24 orc warriors
  5 phantoms
  5 swamp drakes
  29 wolves
  An alligator simulacrum (Swamp:3)
  4 boggarts (D:14)
  9 ogres
  13 centaurs
  10 crocodiles
  A crocodile (shapeshifter) (D:15)
  3 tyrant leech simulacra (Swamp:3)
  15 big kobolds
  Blork the orc (D:4)
  16 bullfrogs
  A gnoll sergeant (Orc:1)
  A water moccasin zombie (D:5)
  2 wyvern skeletons
  2 scorpions
  3 troll zombies
  3 wights (D:12)
  47 killer bees
  4 electric eels
  9 howler monkeys
  6 crimson imps
  10 hounds
  A quasit (D:9)
  2 bullfrog zombies
  17 orc priests
  Crazy Yiuf (D:4)
  5 human zombies (D:8)
  5 jellies
  A bullfrog skeleton (D:9)
  A human skeleton (D:8)
  12 worker ants
  4 iguanas
  29 orc wizards
  A hell rat (Lair:4)
  7 ogre zombies (D:9)
  A hound zombie (D:9)
  A mummy (D:8)
  Robin (D:4)
  2 worker ant zombies
  12 adders
  12 gnolls
  A howler monkey skeleton (D:11)
  3 shadow imps
  2 white imps (Lair:4)
  4 oozes
  2 swamp drake simulacra (Swamp:4)
  An adder zombie (D:6)
  A dart slug (D:2)
  A worm (D:3)
  7 leopard geckos
  89 orcs
  2 ball pythons
  2 bats
  4 giant cockroaches
  14 goblins
  10 hobgoblins
  2 jackals (D:11)
  A quokka (D:7)
  8 frilled lizards
  2 goblin skeletons (D:9)
  3 goblin zombies (D:9)
  A hobgoblin skeleton (D:9)
  A hobgoblin zombie (D:9)
  A jackal skeleton (D:4)
  35 kobolds
  5 orc skeletons (D:9)
  13 orc zombies (D:9)
  6 rats
  A fungus (Lair:4)
1325 creatures vanquished.

Vanquished Creatures (collateral kills)
  Nikola (Swamp:3)
  A yaktaur captain (D:15)
  A centaur warrior (Depths:1)
  A shadow dragon skeleton (Depths:1)
  A hornet (Swamp:3)
  A bog body (Swamp:3)
  A slime creature (Depths:1)
  3 hydra simulacra (Swamp:4)
10 creatures vanquished.

Vanquished Creatures (others)
  An azure jelly (Swamp:4)
  An emperor scorpion (Spider:4)
  An ice dragon (Swamp:4)
  A catoblepas (Lair:6)
  7 dancing weapons (Spider:3)
  A wyvern (Lair:6)
  2 swamp worms
  A swamp drake (Swamp:1)
  A bullfrog (D:13)
  A howler monkey (D:10)
  An orc wizard (Orc:2)
  A white imp (Lair:4)
  A kobold (D:13)
  2 briar patches (Swamp:3)
  A bush (Lair:6)
  6 fungi
  10 plants
  A withered plant (D:15)
40 creatures vanquished.

Grand Total: 1375 creatures vanquished

Notes
Turn   | Place    | Note
-------+----------+-------------------------------------------
     0 | D:1      | Amnesiac the Mummy Monk began the quest for the Orb.
     0 | D:1      | Reached XP level 1. HP: 18/18 MP: 1/1
    87 | D:2      | Reached XP level 2. HP: 6/24 MP: 2/2
   417 | D:2      | Noticed Sigmund
   690 | D:3      | Reached XP level 3. HP: 29/29 MP: 3/3
   793 | D:4      | Noticed a scorpion
   982 | D:4      | Noticed an ogre
  1028 | D:4      | Found Gemp's Food Boutique.
  1028 | D:4      | Noticed Robin
  1054 | D:3      | HP: 1/29 [scorpion (8)]
  1065 | D:3      | HP: 1/29 [scorpion (1)]
  1079 | D:3      | Killed a scorpion
  1079 | D:3      | Reached XP level 4. HP: 3/35 MP: 4/4
  2270 | D:4      | Killed Robin
  2286 | D:4      | Reached XP level 5. HP: 36/41 MP: 5/5
  2311 | D:4      | Noticed Blork the orc
  2330 | D:4      | Killed Blork the orc
  2330 | D:4      | Reached skill level 5 in Short Blades
  2659 | D:4      | Reached XP level 6. HP: 43/47 MP: 6/6
  2823 | D:4      | Found a shadowy altar of Dithmenos.
  2827 | D:4      | Found an opulent altar of Gozag.
  2833 | D:4      | Became a worshipper of Gozag Ym Sagoz the Greedy
  4647 | D:2      | Killed Sigmund
  4647 | D:2      | Reached XP level 7. HP: 29/52 MP: 7/7
  4830 | D:4      | Found a shattered altar of Ashenzari.
  5109 | D:4      | Noticed Edmund
  5148 | D:4      | Killed Edmund
  5427 | D:4      | Found a runed door.
  5431 | D:4      | Noticed Crazy Yiuf
  5462 | D:4      | Killed Crazy Yiuf
  5683 | D:5      | Entered Level 5 of the Dungeon
  5921 | D:5      | Found an iron altar of Okawaru.
  6147 | D:5      | You fall through a shaft!
  6179 | D:6      | Reached XP level 8. HP: 56/58 MP: 8/8
  6525 | D:5      | Reached skill level 1 in Evocations
  7941 | D:7      | Found a blossoming altar of Fedhas.
  7941 | D:7      | Found an iron altar of Okawaru.
  7941 | D:7      | Found Huiwij's Antique Weapon Emporium.
  7951 | D:7      | Noticed a cyclops
  7953 | D:7      | Found a transporter.
  7965 | D:7      | Found a staircase to the Ecumenical Temple.
  7969 | D:7      | Found Qasuuk's Armour Shop.
  8093 | D:7      | Found a transporter.
  8155 | D:7      | Noticed a polar bear
  8208 | D:7      | Found Noeraq's Antique Weapon Emporium.
  8212 | D:7      | Bought a runed long sword for 182 gold pieces
  8220 | D:7      | Found Mevoariq's Jewellery Shoppe.
  8234 | D:7      | Bought a +6 ring of evasion for 780 gold pieces
  8332 | D:7      | Found a glowing silver altar of Zin.
  8332 | D:7      | Found a white marble altar of Elyvilon.
  8332 | D:7      | Found a glowing golden altar of the Shining One.
  8338 | D:7      | Noticed a hornet
  8349 | D:7      | HP: 3/61 [hornet (9)]
  8355 | D:7      | Killed a hornet
  8619 | D:7      | Reached skill level 5 in Dodging
  8757 | D:7      | Found Irhoeqod's Magic Scroll Boutique.
  8765 | D:7      | Bought a scroll of teleportation for 45 gold pieces
  8847 | D:7      | Noticed a black mamba
  9056 | D:8      | Reached XP level 9. HP: 53/66 MP: 11/11
  9239 | D:8      | Reached skill level 5 in Fighting
  9607 | D:8      | Found Muwket's Antique Weapon Boutique.
 10340 | D:8      | Found an ancient bone altar of Kikubaaqudgha.
 10393 | D:8      | Found a bloodstained altar of Trog.
 10394 | D:8      | Found a sacrificial altar of Ru.
 10396 | D:8      | Found a runed gate.
 10396 | D:8      | Found a runed gate.
 10396 | D:8      | Found a runed gate.
 10397 | D:8      | Noticed grindst0ne's ghost (novice HuAr)
 10401 | D:8      | Noticed a kobold demonologist
 10750 | D:8      | Identified a scroll of acquirement {!r}
 10765 | D:8      | Noticed a rust devil
 11048 | D:8      | Reached XP level 10. HP: 67/77 MP: 13/13
 11142 | D:8      | Killed grindst0ne's ghost
 11256 | D:8      | Noticed a soul eater
 11265 | D:9      | Noticed a two-headed ogre
 11274 | D:10     | Entered Level 10 of the Dungeon
 12076 | D:9      | Found a staircase to the Orcish Mines.
 12226 | D:9      | Killed a two-headed ogre
 12289 | D:9      | Noticed a two-headed ogre
 12300 | D:9      | Killed a two-headed ogre
 12305 | D:9      | Reached XP level 11. HP: 87/87 MP: 14/14
 12812 | D:7      | Bought a +0 helmet of see invisible for 161 gold pieces
 12993 | D:7      | Reached skill level 10 in Dodging
 13212 | D:10     | Noticed a two-headed ogre
 13226 | D:10     | Killed a two-headed ogre
 13358 | D:10     | Reached skill level 10 in Fighting
 13605 | D:10     | Found a staircase to the Lair.
 13816 | D:11     | Reached skill level 1 in Shields
 13954 | D:11     | Reached skill level 2 in Shields
 14152 | D:11     | Noticed an unseen horror
 14158 | D:11     | Killed an unseen horror
 14158 | D:11     | Reached skill level 3 in Shields
 14334 | D:11     | Reached skill level 4 in Shields
 14422 | D:11     | Noticed a green ugly thing
 14438 | D:11     | Killed a green ugly thing
 14438 | D:11     | Reached skill level 5 in Shields
 14480 | D:11     | Noticed an unseen horror
 14489 | D:11     | Killed an unseen horror
 14681 | D:11     | Found a runed door.
 14682 | D:11     | Noticed an orc knight
 14683 | D:11     | Noticed Tovarisch's ghost (journeyman OpFE)
 14752 | D:11     | Killed an orc knight
 14752 | D:11     | Reached skill level 6 in Shields
 14765 | D:11     | Killed Tovarisch's ghost
 14965 | Orc:1    | Entered Level 1 of the Orcish Mines
 14988 | Orc:1    | Noticed an orc sorcerer
 15011 | Orc:1    | Killed an orc sorcerer
 15011 | Orc:1    | Reached XP level 12. HP: 66/97 MP: 15/15
 15185 | Orc:1    | Reached skill level 7 in Shields
 15337 | Orc:1    | Found a burning altar of Makhleb.
 15448 | Orc:2    | Entered Level 2 of the Orcish Mines
 15448 | Orc:2    | Found Hiec's Antique Armour Shoppe.
 15448 | Orc:2    | Found Elagea's Antique Weapon Shoppe.
 15450 | Orc:2    | Bought an embroidered scarf for 232 gold pieces
 15450 | Orc:2    | Bought a shiny chain mail for 217 gold pieces
 15480 | Orc:2    | Noticed a stone giant
 15688 | Orc:2    | Found a staircase to the Elven Halls.
 15922 | Orc:1    | Killed a stone giant
 16054 | Orc:1    | Reached skill level 8 in Shields
 16595 | Orc:2    | Noticed an orc high priest
 16615 | Orc:2    | Reached skill level 9 in Shields
 16681 | Orc:2    | Killed an orc high priest
 16682 | Orc:2    | Noticed an orc warlord
 17154 | Orc:2    | Noticed an orc high priest
 17181 | Orc:2    | Killed an orc high priest
 17191 | Orc:2    | Noticed an orc high priest
 17213 | Orc:2    | Killed an orc high priest
 17213 | Orc:2    | Reached skill level 10 in Shields
 17364 | Orc:2    | Killed an orc warlord
 17947 | Orc:2    | Found a roughly hewn altar of Beogh.
 18045 | Orc:2    | Noticed an orc high priest
 18096 | Orc:2    | Killed an orc high priest
 18360 | Orc:2    | Found Mymit's General Store.
 18361 | Orc:2    | Found Qogeh's Book Emporium.
 18376 | Orc:2    | Bought a manual of Shields for 1435 gold pieces
 18439 | Orc:2    | Bought a phial of floods for 560 gold pieces
 18758 | Lair:1   | Entered Level 1 of the Lair of Beasts
 18798 | Lair:1   | Gained mutation: You are in touch with the powers of death.
                  | [Mummy growth]
 18798 | Lair:1   | Reached XP level 13. HP: 104/104 MP: 16/16
 19057 | Lair:1   | Noticed Erica
 19073 | Lair:1   | Killed Erica
 19979 | Lair:2   | Found a hole to the Spider Nest.
 20382 | Lair:2   | Reached skill level 11 in Shields
 20513 | Lair:2   | Reached skill level 5 in Evocations
 22406 | Lair:4   | Found a staircase to the Swamp.
 23369 | Lair:4   | Found a runed gate.
 23371 | Lair:4   | Found a runed gate.
 23401 | Lair:4   | Found a runed gate.
 23749 | Lair:4   | Noticed heinrich's ghost (journeyman FeCj)
 23934 | Lair:4   | Found the +8 whip "Snakebite" {curare, rPois}
 24738 | Lair:4   | Got a shimmering mace
 24901 | Lair:4   | Killed heinrich's ghost
 24901 | Lair:4   | Reached XP level 14. HP: 80/113 MP: 12/18
 25558 | Orc:2    | Bought a book of Minor Magic for 260 gold pieces
 25561 | Orc:2    | Learned a level 2 spell: Blink
 26233 | Lair:4   | Identified the +7 mace "Acarineslayer" {antimagic, rElec
                  | Int+3 Stlth-} (You found it on level 4 of the Lair of
                  | Beasts)
 26809 | Lair:4   | Got a slimy spear
 26845 | Lair:4   | Identified the +9 spear of Defiance {pierce, Str+4} (You
                  | found it on level 4 of the Lair of Beasts)
 27449 | Lair:5   | Reached skill level 12 in Shields
 27653 | Lair:5   | Got a crude leather armour
 27675 | Lair:5   | Identified the +2 leather armour "Wookut" {Int+2} (You
                  | found it on level 5 of the Lair of Beasts)
 28473 | Lair:6   | Entered Level 6 of the Lair of Beasts
 28606 | Lair:6   | Found a frozen archway.
 28615 | IceCv    | Entered an ice cave
 29812 | IceCv    | Noticed a frost giant
 29862 | IceCv    | Killed a frost giant
 30649 | Lair:6   | Reached skill level 13 in Shields
 30828 | Lair:6   | Found a staircase to the Slime Pits.
 31384 | Lair:6   | Found a burning altar of Makhleb.
 31459 | Lair:6   | Reached skill level 14 in Shields
 32178 | Lair:6   | Reached XP level 15. HP: 95/120 MP: 18/21
 32849 | Lair:6   | Reached skill level 15 in Shields
 32897 | Lair:6   | Got a steaming tin ring
 33161 | Spider:1 | Entered Level 1 of the Spider Nest
 34771 | Spider:2 | Noticed Arachne
 34781 | Spider:2 | You fall through a shaft!
 34781 | Spider:3 | Found a runed door.
 35434 | Spider:3 | Upgraded the game from 0.23-a0-182-g58cdd98 to
                  | 0.23-a0-183-gf37f6fb
 35438 | Spider:3 | Bought a pair of glowing gloves for 277 gold pieces
 35452 | Spider:3 | Identified the ring of Xom's Amusement {rF+ MR- Dex+8 SInv}
                  | (You found it on level 6 of the Lair of Beasts)
 35453 | Spider:3 | Bought a smelly chain mail for 351 gold pieces
 35463 | Spider:3 | Identified the cursed +1 chain mail of the Republic {rC+
                  | Int+5} (You bought it in a shop on level 3 of the Spider
                  | Nest)
 35465 | Spider:3 | Bought a slimy ring mail for 333 gold pieces
 35476 | Spider:3 | Identified the +2 ring mail of the Lily {rF+} (You bought
                  | it in a shop on level 3 of the Spider Nest)
 35503 | Spider:3 | Bought a transparent scale mail for 270 gold pieces
 35513 | Spider:3 | Identified the cursed +0 scale mail of Ashenzari's Envy
                  | {-Tele rC+ Int+7 Dex+4} (You bought it in a shop on level 3
                  | of the Spider Nest)
 35513 | Spider:3 | Bought a spiked scale mail for 270 gold pieces
 35524 | Spider:3 | Identified the +0 scale mail "Cubem" {rPois Slay+2} (You
                  | bought it in a shop on level 3 of the Spider Nest)
 35531 | Spider:3 | Bought a runed plate armour for 780 gold pieces
 35668 | Spider:3 | Reached skill level 5 in Stealth
 36116 | Spider:2 | Reached XP level 16. HP: 117/129 MP: 18/22
 36214 | Spider:2 | Killed Arachne
 37110 | Spider:1 | Reached skill level 1 in Armour
 38505 | Spider:3 | Reached skill level 5 in Armour
 38653 | Spider:4 | Entered Level 4 of the Spider Nest
 38840 | Spider:4 | Noticed Roxanne
 40400 | Spider:4 | Reached XP level 17. HP: 112/136 MP: 17/23
 41318 | Spider:4 | Got a gossamer rune of Zot
 41512 | Spider:3 | Bought a crude scale mail for 270 gold pieces
 41522 | Spider:3 | Identified the cursed +0 scale mail of Slovenliness {*Slow
                  | rPois MR++ Dex+4} (You bought it in a shop on level 3 of
                  | the Spider Nest)
 41544 | Spider:3 | Bought a runed helmet for 225 gold pieces
 41554 | Spider:3 | Bought a glowing helmet for 225 gold pieces
 41571 | Spider:3 | Bought a runed chain mail for 225 gold pieces
 41581 | Spider:3 | Bought a shiny chain mail for 225 gold pieces
 41592 | Spider:3 | Bought a runed chain mail for 225 gold pieces
 41799 | Swamp:1  | Entered Level 1 of the Swamp
 41857 | Swamp:1  | Reached skill level 10 in Armour
 44172 | Swamp:3  | Found a runed gate.
 44203 | Swamp:3  | Found a runed gate.
 44203 | Swamp:3  | Found a runed gate.
 44203 | Swamp:3  | Noticed Xosis's ghost (adept FoFi)
 44439 | Swamp:3  | Killed Xosis's ghost
 44448 | Swamp:3  | Got a shimmering lead ring
 44450 | Swamp:3  | Identified the ring of the Scarab {rF+ Int+3 SInv Stlth-}
                  | (You found it on level 3 of the Swamp)
 44959 | Swamp:3  | Noticed Nikola
 44969 | Swamp:3  | Killed Nikola
 45693 | Swamp:4  | Entered Level 4 of the Swamp
 46437 | Swamp:4  | Reached XP level 18. HP: 135/143 MP: 24/24
 47387 | Swamp:4  | Got a decaying rune of Zot
 48595 | D:13     | Noticed Snorg
 48612 | D:13     | Killed Snorg
 48700 | D:13     | Noticed Kirke
 48741 | D:13     | Killed Kirke
 48892 | D:13     | Noticed Sonja
 48905 | D:13     | Killed Sonja
 49740 | D:14     | Found a gate to the Vaults.
 50178 | D:15     | Entered Level 15 of the Dungeon
 50240 | D:15     | Found a staircase to the Depths.
 51223 | Depths:1 | Entered Level 1 of the Depths
 51225 | Depths:1 | Paralysed by a great orb of eyes for 3 turns
 51861 | Depths:1 | Reached skill level 1 in Throwing
 52227 | D:15     | Killed from afar by an ice dragon

Vault maps used:
D:1:      elethiomel_arrival_infinity_welcomes_careful_drivers, hex_large
D:2:      uniq_sigmund
D:3:      first_ration
D:4:      gammafunk_temple_overflow_pools, serial_shops, shop,
          portal_sewer_entry_f, lemuel_tele_altar, uniq_crazy_yiuf_cottage,
          uniq_blork_the_orc, uniq_robin, uniq_edmund
D:5:      serial_column_ruins, column_ruins_hut, column_ruins_open_medium,
          column_ruins_grid_4, column_ruins_corridor_T,
          okawaru_ov_weapons_minmay
D:7:      good_gods_mini_temple, gammafunk_temple_overflow_arena,
          minmay_temple_entry_statues_fountains, serial_shops, kennysheep_mini,
          shop, shop, shop, nicolae_shop_crystal, grunt_decor_resistance
D:8:      nicolae_overflow_hidden_temple, gammafunk_ghost_nasty_kobolds,
          serial_shops, nicolae_shop_waterfront,
          lemuel_mausoleum_altar_kikubaaqudgha
D:9:      zombieorc2_lemuel
D:10:     lair_entry_dummy, minmay_misc_feat_hallway
D:11:     ebering_ghost_inner_flame
D:13:     uniq_kirke, uniq_snorg, uniq_sonja
D:14:     david_vaults_2, minmay_staircase_bubble
D:15:     gammafunk_depths_entry_grave
Lair:1:   beast_lair_carwin_9, uniq_erica
Lair:2:   statuecave_lemuel, nicolae_spider_entry_tight_spaces,
          beast_lair_carwin_5
Lair:3:   lemuel_fruit_tree, grunt_megastairs_4
Lair:4:   regret_index_harrowing_hell_hive, swamp_mist_pool,
          gammafunk_ghost_hydra_chop, ice2_lemuel, serial_bayou_shore_a
Lair:5:   nicolae_lair_grove_arrangements
Lair:6:   evilmike_catoblepas_cave, nicolae_slime_entry_slimehenge,
          portal_ice_cave_entry_pillars_1, lemuel_oklob_altar
Swamp:1:  hangedman_swamp_lotus
Swamp:2:  nicolae_swamp_fairy_circle
Swamp:3:  gammafunk_ghost_necromancy, evilmike_swamp_ruin_rubble_1, swamp_pool4,
          nicolae_swamp_round_clearing, uniq_nikola
Swamp:4:  swamp_icy
Spider:1: spider_temple_joshua
Spider:2: uniq_arachne
Spider:3: cheibrodos_spider_deadly_dance
Spider:4: grunt_spider_rune_circles, uniq_roxanne
Orc:1:    basic_altar
Orc:2:    st_orc_congregation, basic_altar
Depths:1: enter_ziggurat_e, fountainhead, serial_shops, shop,
          grunt_hell_entry_demonic_statue, ashenzari_altar_1, firewood_loft,
          uniq_saint_roka
IceCv:    ice_cave_small_giant

Skill      XL: |  1  2  3  4  5  6  7  8  9 10 11 12 13 14 15 16 17 18 |
---------------+-------------------------------------------------------+-----
Short Blades   | 3 4 5 6 8 |  8.0
Dodging        | 5 7 9 10 11 12 13 14 | 14.0
Evocations     | 2 4 5 8 |  8.0
Fighting       | 4 6 8 10 11 12 13 | 13.7
Shields        | 6 10 11 14 15 | 15.0
Stealth        | 6 8 |  8.0
Armour         | 9 13 | 13.9
Throwing       | 1 |  1.2

Action                   |  1- 3 |  4- 6 |  7- 9 | 10-12 | 13-15 | 16-18 || total
-------------------------+-------+-------+-------+-------+-------+-------++-------
Melee: Short sword       |    74 |   106 |       |       |       |       ||   180
       Falchion          |       |    81 |   628 |       |       |       ||   709
       Quick blade       |       |       |    55 |  1483 |  2872 |  4059 ||  8469
 Fire: Blowgun           |     9 |    43 |    15 |    43 |     2 |       ||   112
 Cast: Blink             |       |       |       |       |     2 |       ||     2
Invok: Call Merchant     |       |       |       |       |     4 |     2 ||     6
Evoke: Wand              |       |       |    14 |     1 |    25 |    29 ||    69
       Phial of floods   |       |       |       |       |       |     1 ||     1
  Use: Scroll            |     4 |       |     9 |     7 |    12 |     9 ||    41
 Stab: Paralysed         |       |       |    18 |     3 |    14 |     8 ||    43
       Distracted        |       |       |     2 |     7 |    12 |    26 ||    47
       Sleeping          |       |       |     1 |     2 |     3 |     3 ||     9
       Confused          |       |       |       |       |       |     3 ||     3
       Fleeing           |       |       |       |       |       |     1 ||     1
Armor: Robe              |     3 |       |       |       |       |       ||     3
       Scale mail        |    31 |   117 |       |       |       |       ||   148
       Ring mail         |       |       |   196 |    82 |     8 |   105 ||   391
       Chain mail        |       |       |       |    31 |       |   253 ||   284
       Plate armour      |       |       |       |    10 |   402 |     1 ||   413
       Leather armour    |       |       |       |       |     3 |       ||     3
Dodge: Dodged            |    63 |   159 |   542 |   324 |   652 |  1233 ||  2973
Block: Large shield      |       |       |       |   464 |  1293 |  2368 ||  4125
       Rpst.: Falchion   |       |    17 |   141 |       |       |       ||   158

Table legend:
 A = Non-vault XP
 B = Vault XP
 C = Vault XP percentage of total XP
 D = Non-vault monster count
 E = Vault monster count
 F = Vault count percentage of total count
                 A         B        C        D         E       F
            +---------+---------+-------+---------+---------+-------
      Total |  221573 |  128624 |  36.7 |     903 |     443 |  32.9
            +---------+---------+-------+---------+---------+-------
        D:1 |      21 |       0 |   0.0 |      13 |       0 |   0.0
        D:2 |      61 |     223 |  78.5 |      19 |       1 |   5.0
        D:3 |     243 |      12 |   4.7 |      20 |       6 |  23.1
        D:4 |     207 |     350 |  62.8 |      20 |      13 |  39.4
        D:5 |     489 |       0 |   0.0 |      16 |       0 |   0.0
        D:6 |     509 |       0 |   0.0 |      16 |       0 |   0.0
        D:7 |     669 |    1065 |  61.4 |      14 |       5 |  26.3
        D:8 |    1268 |    3146 |  71.3 |      31 |      24 |  43.6
        D:9 |    3839 |     800 |  17.2 |      42 |      36 |  46.2
       D:10 |    2139 |       0 |   0.0 |      12 |       0 |   0.0
       D:11 |    5057 |    1566 |  23.6 |      40 |       2 |   4.8
       D:12 |    4715 |       0 |   0.0 |      32 |       0 |   0.0
       D:13 |   11462 |    4984 |  30.3 |      54 |       7 |  11.5
       D:14 |    9227 |    1678 |  15.4 |      39 |       3 |   7.1
       D:15 |   13408 |    4780 |  26.3 |      31 |       8 |  20.5
     Lair:1 |    2653 |    1873 |  41.4 |      16 |       8 |  33.3
     Lair:2 |    4468 |    3307 |  42.5 |      25 |      12 |  32.4
     Lair:3 |    1615 |    1561 |  49.1 |       6 |       3 |  33.3
     Lair:4 |    1689 |   14833 |  89.8 |      10 |      69 |  87.3
     Lair:5 |    4498 |       0 |   0.0 |      14 |       0 |   0.0
     Lair:6 |   16059 |   12483 |  43.7 |      47 |      30 |  39.0
    Swamp:1 |   13679 |       0 |   0.0 |      36 |       0 |   0.0
    Swamp:2 |   14720 |       0 |   0.0 |      29 |       0 |   0.0
    Swamp:3 |   17474 |    6824 |  28.1 |      34 |      11 |  24.4
    Swamp:4 |   11342 |    6502 |  36.4 |      32 |      30 |  48.4
   Spider:1 |   17715 |   13600 |  43.4 |      52 |      26 |  33.3
   Spider:2 |   13629 |    3283 |  19.4 |      42 |       1 |   2.3
   Spider:3 |   17626 |    8881 |  33.5 |      43 |      19 |  30.6
   Spider:4 |   24495 |   16010 |  39.5 |      70 |      30 |  30.0
      Orc:1 |    4288 |      89 |   2.0 |      39 |       4 |   9.3
      Orc:2 |     297 |   11027 |  97.4 |       4 |      59 |  93.7
   Depths:1 |    2012 |       0 |   0.0 |       5 |       0 |   0.0
      IceCv |       0 |    9747 | 100.0 |       0 |      36 | 100.0
            +---------+---------+-------+---------+---------+-------
